 Dungeon Sprint DCSS version 0.18-a0-1426-g3b9a63c (webtiles) character file.

1609 chei the Polluter (level 8, -2/68 HPs)
             Began as a Naga Venom Mage on Feb 27, 2016.
             Was the Champion of Cheibriados.
             Slain by a boulder beetle (40 damage)
             ... in the Dungeon (Sprint IX: "|||||||||||||||||||||||||||||").
             The game lasted 00:06:32 (1000 turns).

chei the Polluter (Naga Venom Mage)                 Turns: 1000, Time: 00:06:32

Health: -2/68      AC:  8    Str: 36    XL:     8   Next: 95%
Magic:  3/16       EV: 14    Int: 28    God:    Cheibriados [******]
Gold:   11         SH:  0    Dex: 27    Spells: 3 memorised, 8 levels left

rFire  . . .     SeeInvis +     m - +4 quarterstaff of Wondrous Power {freeze, MR+}
rCold  + . .     Gourm    .     o - +1 scale mail
rNeg   . . .     Faith    .     (shield currently unavailable)
rPois  +         Spirit   .     (no helmet)
rElec  .         Dismiss  .     n - +0 cloak
rCorr  .         Reflect  .     (no gloves)
SustAt .         Harm     .     (no barding)
MR     ++...     NoTele   +     (no amulet)
Stlth  ++........               q - +3 ring of strength
                                p - +3 ring of strength

@: very slightly contaminated, very slow, very resistant to hostile
enchantments, unstealthy
A: see invisible, cold resistance 1, deformed body, dopey 2, poison resistance,
slowness 2, slow metabolism 1, spit poison 2, strong 2, AC +2
a: Spit Poison, Bend Time, Temporal Distortion, Slouch, Step From Time, Renounce
Religion


You were in the Dungeon.
You worshipped Cheibriados.
Cheibriados was exalted by your worship.
You were very hungry.

You visited 1 branch You collected 11 gold pieces.

Inventory:

Hand Weapons
 m - the +4 quarterstaff of Wondrous Power (weapon) {freeze, MR+}
   (You found it in the Dungeon)

   It has been specially enchanted to freeze those struck by it, causing extra
   injury to most foes and up to half again as much damage against particularly
   susceptible opponents.
   It can also slow down cold-blooded creatures.
   It affects your resistance to hostile enchantments.
Armour
 a - a +0 robe
 n - a +0 cloak (worn)
 o - a +1 scale mail (worn)
Magical Staves
 r - an uncursed staff of energy
Jewellery
 p - a +3 ring of strength (left hand)
 q - a +3 ring of strength (right hand)
Wands
 l - a wand of acid (0/15)
Scrolls
 i - 3 scrolls of remove curse
 j - 2 scrolls of amnesia
 k - 2 scrolls of blinking
 v - a scroll of identify
 w - a scroll of recharging
 x - a scroll of fear
 y - 2 scrolls of enchant weapon
 z - a scroll of fog
Potions
 d - a potion of invisibility
 e - 2 potions of heal wounds
 f - 5 potions of curing
 g - 3 potions of magic
 h - a potion of berserk rage
 s - a potion of resistance
 t - a potion of agility
 u - a potion of cure mutation
Books
 b - a Young Poisoner's Handbook

   Spells                             Type                      Level
   a - Sting                          Conjuration/Poison           1
   b - Cure Poison                    Poison                       2
   c - Mephitic Cloud                 Conjuration/Poison/Air       3
   d - Olgreb's Toxic Radiance        Poison                       4
   e - Venom Bolt                     Conjuration/Poison           5
Comestibles
 c - a bread ration


   Skills:
 + Level 2.8 Fighting
 * Level 6.8 Staves
 + Level 3.6 Armour
 + Level 6.0 Dodging
 - Level 3.0 Stealth
 + Level 5.4 Spellcasting
 + Level 3.8 Conjurations
 + Level 1.1 Air Magic
 * Level 17.4 Poison Magic
 + Level 2.5 Evocations


You had 8 spell levels left.
You knew the following spells:

 Your Spells              Type           Power        Failure   Level  Hunger
a - Sting                 Conj/Pois      ####         1%          1    None
b - Mephitic Cloud        Conj/Pois/Air  #####...     1%          3    None
c - Venom Bolt            Conj/Pois      ######....   4%          5    #####..


Dungeon Overview and Level Annotations

Branches:
Dungeon (1/1)

Altars:
Cheibriados
Dithmenos
Elyvilon
Fedhas
Gozag
Kikubaaqudgha
Makhleb
Nemelex Xobeh
Okawaru
Pakellas
Qazlal
Ru
Sif Muna
Trog
Vehumet
Xom
Yredelemnul
Zin
The Shining One
Beogh
Jiyva
Lugonu


Innate Abilities, Weirdness & Mutations

You cannot wear boots.
Your serpentine skin is tough (AC +2).
You have supernaturally acute eyesight.
Armour fits poorly on your strangely shaped body.
Your system is resistant to poisons.
You cover ground very slowly.
You have a slow metabolism.
You can spit poison.
Your flesh is cold resistant.
You are very dopey. (Int -4)
Your muscles are very strong. (Str +4)


Message History

* * * LOW HITPOINT WARNING * * *
You are too injured to fight recklessly!
Unknown command.
You are too injured to fight recklessly!
You are too injured to fight recklessly!
Casting: Venom Bolt
Confirm with . or Enter, or press ? or * to list all spells.
You don't have enough magic to cast that spell.
Drink which item? (? for menu, Esc to quit)
You feel much better.
Unknown command.
Casting: Venom Bolt
Confirm with . or Enter, or press ? or * to list all spells.
You don't have enough magic to cast that spell.
Unknown command.
You thump the boulder beetle! You freeze the boulder beetle.
The boulder beetle is heavily wounded.
The boulder beetle bites you!!!
Ouch! That really hurt!
You die...

▓▓▓▓▓▓▓▓▓▓▓▓▓▓▓▓▓▓▓▓▓▓▓▓▓▓▓▓▓▓▓▓▓
_____________________'.....'....÷
▓▓▓▓▓▓▓▓▓▓▓▓▓▓▓▓▓▓▓▓▓▓▓▓▓▓▓▓▓▓▓▓▓
.................................
▓▓▓▓▓▓▓▓▓▓▓▓▓▓▓▓▓▓▓▓▓▓▓▓▓▓▓▓▓▓▓▓▓
.....†B@......[......'..
▓▓▓▓▓▓▓▓▓▓▓▓▓▓▓▓▓▓▓▓▓▓▓▓


You could see a boulder beetle.

Vanquished Creatures
  A wraith (D)
  A yak (D)
  2 basilisks (D)
  2 hippogriffs (D)
  A water moccasin (D)
  A porcupine (D)
  An orc warrior (D)
  A necrophage (D)
  2 sky beasts (D)
  An eye of draining (shapeshifter) (D)
  A crocodile (D)
  A crimson imp (D)
  2 hounds (D)
  3 worker ants (D)
  A river rat (D)
  2 dart slugs (D)
  A giant gecko (D)
  2 orcs (D)
  2 ball pythons (D)
  A rat (D)
29 creatures vanquished.

Vanquished Creatures (others)
  A water moccasin (D)
1 creature vanquished.

Grand Total: 30 creatures vanquished

Notes
Turn   | Place    | Note
--------------------------------------------------------------
     0 | D        | chei the Naga Venom Mage began the quest for the Orb.
     0 | D        | Reached XP level 1. HP: 15/15 MP: 3/3
     8 | D        | Reached skill level 6 in Poison Magic
    47 | D        | Reached skill level 7 in Poison Magic
    47 | D        | Reached XP level 2. HP: 22/22 MP: 5/5
    63 | D        | Reached skill level 9 in Poison Magic
    63 | D        | Reached XP level 3. HP: 26/28 MP: 1/7
    71 | D        | Reached skill level 10 in Poison Magic
    71 | D        | Reached XP level 4. HP: 24/36 MP: 1/8
    82 | D        | Reached skill level 11 in Poison Magic
    91 | D        | Found a glowing silver altar of Zin.
    91 | D        | Found a glowing golden altar of the Shining One.
    91 | D        | Found an ancient bone altar of Kikubaaqudgha.
    91 | D        | Found a basalt altar of Yredelemnul.
    91 | D        | Found a shimmering altar of Xom.
    91 | D        | Found a radiant altar of Vehumet.
    92 | D        | Found an iron altar of Okawaru.
    93 | D        | Found a burning altar of Makhleb.
    94 | D        | Found a deep blue altar of Sif Muna.
    95 | D        | Found a bloodstained altar of Trog.
    96 | D        | Found a sparkling altar of Nemelex Xobeh.
    97 | D        | Found a white marble altar of Elyvilon.
    98 | D        | Found a roughly hewn altar of Beogh.
    99 | D        | Found a viscous altar of Jiyva.
   103 | D        | Found a corrupted altar of Lugonu.
   104 | D        | Found a blossoming altar of Fedhas.
   107 | D        | Found a snail-covered altar of Cheibriados.
   108 | D        | Reached skill level 1 in Conjurations
   109 | D        | Found a shadowy altar of Dithmenos.
   110 | D        | Found a stormy altar of Qazlal.
   111 | D        | Found an opulent altar of Gozag.
   112 | D        | Found a sacrificial altar of Ru.
   113 | D        | Found an oddly glowing altar of Pakellas.
   133 | D        | Became a worshipper of Cheibriados the Contemplative
   150 | D        | Got the +4 quarterstaff of Wondrous Power {freeze, MR+}
   385 | D        | Learned a level 3 spell: Mephitic Cloud
   386 | D        | Noticed a wraith
   386 | D        | Noticed a sky beast
   386 | D        | Noticed a necrophage
   387 | D        | Reached skill level 1 in Staves
   387 | D        | Reached skill level 12 in Poison Magic
   387 | D        | Reached XP level 5. HP: 42/42 MP: 8/10
   388 | D        | Reached * piety under Cheibriados
   391 | D        | Killed a necrophage
   391 | D        | Reached skill level 13 in Poison Magic
   391 | D        | Reached XP level 6. HP: 49/49 MP: 8/11
   396 | D        | Killed a sky beast
   396 | D        | Reached ** piety under Cheibriados
   396 | D        | Reached skill level 14 in Poison Magic
   408 | D        | Killed a wraith
   408 | D        | Reached skill level 15 in Poison Magic
   408 | D        | Reached skill level 1 in Evocations
   408 | D        | Reached XP level 7. HP: 13/56 MP: 11/13
   410 | D        | Reached *** piety under Cheibriados
   410 | D        | Reached skill level 1 in Armour
   414 | D        | Gained mutation: Your muscles are strong. (Str +2) [mutagenic meat]
   415 | D        | Gained mutation: Your muscles are very strong. (Str +4) [mutagenic meat]
   416 | D        | Gained mutation: Your flesh is cold resistant. [mutagenic meat]
   632 | D        | Learned a level 5 spell: Venom Bolt
   638 | D        | Noticed a hippogriff
   638 | D        | Noticed a guardian serpent
   638 | D        | Noticed a basilisk
   642 | D        | a guardian serpent changed into an eye of draining
   643 | D        | Reached skill level 16 in Poison Magic
   645 | D        | Killed a basilisk
   645 | D        | Reached **** piety under Cheibriados
   645 | D        | Reached skill level 1 in Fighting
   645 | D        | Reached skill level 5 in Staves
   656 | D        | Killed a hippogriff
   656 | D        | Reached skill level 5 in Dodging
   656 | D        | Reached XP level 8. HP: 46/64 MP: 1/15
   657 | D        | Reached skill level 17 in Poison Magic
   665 | D        | HP: 3/64 [orc warrior/scimitar (20)]
   671 | D        | Reached ***** piety under Cheibriados
   671 | D        | Reached skill level 5 in Spellcasting
   749 | D        | Gained mutation: You are dopey. (Int -2) [mutagenic meat]
   750 | D        | Gained mutation: You are very dopey. (Int -4) [mutagenic meat]
   752 | D        | Gained mutation: Your spells are a little harder to cast, but a little more powerful. [mutagenic meat]
   753 | D        | Lost mutation: Your spells are a little harder to cast, but a little more powerful. [mutagenic meat]
   974 | D        | Noticed a yak
   985 | D        | Noticed a boulder beetle
   985 | D        | Killed a yak
   985 | D        | Reached skill level 1 in Air Magic
   994 | D        | Reached ****** piety under Cheibriados
  1000 | D        | Slain by a boulder beetle

Vault maps used:
D:        linesprint

Skill      XL: |  1  2  3  4  5  6  7  8 |
---------------+-------------------------+-----
Poison Magic   | 7 9 10 12 13 15 16 17 | 17.4
Dodging        | 2 3 4 5 6 |  6.0
Spellcasting   | 3 4 5 |  5.4
Conjurations   | 1 2 3 |  3.8
Staves         | 1 2 4 5 6 |  6.8
Evocations     | 1 2 |  2.5
Armour         | 2 3 |  3.6
Fighting       | 1 2 |  2.8
Air Magic      | 1 |  1.1
Stealth        | |  3.0

Action                   |  1- 3 |  4- 6 |  7- 9 || total
-------------------------+-------+-------+-------++-------
Melee: Unarmed           |     3 |     3 |       ||     6
       Quarterstaff      |       |    17 |    34 ||    51
 Cast: Sting             |     7 |     5 |       ||    12
       Mephitic Cloud    |       |       |     4 ||     4
       Venom Bolt        |       |       |     1 ||     1
 Abil: Spit Poison       |     5 |     4 |     2 ||    11
Evoke: Wand              |       |     4 |     3 ||     7
  Use: Potion            |     1 |     2 |     3 ||     6
       Scroll            |       |     1 |       ||     1
 Stab: Sleeping          |     1 |       |       ||     1
       Confused          |       |       |     3 ||     3
  Eat: Chunk             |       |       |     9 ||     9
